 Dungeon Crawl Stone Soup version 0.29-a0-323-g050149af67 (webtiles) character file.

Game seed: 12700079462839887327

67 zishaf the Grasshopper (level 4, -1/43 HPs)
             Began as a Naga Warper on Apr 11, 2022.
             Slain by a sky beast (2 damage)
             ... on level 3 of the Dungeon.
             The game lasted 00:04:04 (2754 turns).

zishaf the Grasshopper (Naga Warper)                Turns: 2754, Time: 00:04:05

Health: -1/43      AC:  5    Str: 14    XL:     4   Next: 16%
Magic:  7/7        EV:  9    Int: 13    God:
Gold:   138        SH:  0    Dex: 12    Spells: 2/7 levels left

rFire   . . .      SeeInvis +   a - +1 falchion
rCold   . . .      Faith    .   (no shield)
rNeg    . . .      Spirit   .   n - +0 leather armour
rPois   +          Reflect  .   (no helmet)
rElec   .          Harm     .   (no cloak)
rCorr   .          Rampage  .   j - +1 pair of gloves
Will    .....                   (no barding)
Stlth   +.........              (no amulet)
HPRegen 0.14/turn               (no ring)
MPRegen 0.10/turn               (no ring)

@: short of breath, very slow
A: AC +1, large, see invisible, deformed body, poison resistance, slowness 2,
spit poison 1, naga tail 1
a: Spit Poison


You were on level 3 of the Dungeon.
You visited 1 branch of the dungeon, and saw 4 of its levels.

You collected 138 gold pieces.

Inventory:

Hand Weapons
 a - a +1 falchion (weapon)
 b - a +0 hunting sling
Missiles
 d - 7 boomerangs of dispersal (quivered)
Armour
 j - a +1 pair of gloves (worn)
 n - a +0 leather armour (worn)
Scrolls
 c - a scroll of blinking
 e - a scroll of enchant weapon
 g - a scroll of immolation
Potions
 f - a potion of magic {unknown}
 h - 2 potions of flight {unknown}
 k - 3 potions of curing {unknown}


   Skills:
 + Level 3.6 Fighting
 - Level 2.0 Long Blades
 - Level 0.8 Throwing
 - Level 1.0 Armour
 - Level 1.5 Dodging
 - Level 2.0 Spellcasting
 + Level 3.7 Translocations


You had 2 spell levels left.
You knew the following spells:

 Your Spells              Type           Power      Damage    Failure   Level
a - Blink                 Tloc           20%        N/A       11%         2
b - Teleport Other        Tloc           10%        N/A       21%         3

Your spell library contained the following spells:

 Spells                   Type           Power      Damage    Failure   Level
 Foxfire                  Conj/Fire      4%         2x1d4     30%         1
 Gell's Gravitas          Tloc           10%        N/A       21%         3
 Lesser Beckoning         Tloc           10%        N/A       21%         3
 Conjure Flame            Conj/Fire      1%         6-21      67%         3
 Inner Flame              Hex/Fire       1%         N/A       67%         3
 Tukima's Dance           Hex            1%         N/A       67%         3
 Manifold Assault         Tloc           10%        N/A       88%         5
 Anguish                  Hex/Necr       0%         N/A       97%         4
 Flame Wave               Conj/Fire      1%         2d4       97%         4
 Enfeeble                 Hex            0%         N/A       100%        7


Dungeon Overview and Level Annotations

Branches:
Dungeon (4/15)
 Temple: D:4-7

Altars:
Sif Muna


Innate Abilities, Weirdness & Mutations

Your serpentine skin is tough. (AC +1)
You have supernaturally acute eyesight. (SInv)
Armour fits poorly on your strangely shaped body.
Your system is resistant to poisons. (rPois)
You cover ground very slowly.
You can spit poison.
You have a snake-like lower body.


Message History

The sky beast is severely wounded.
The sky beast barely misses you.
You barely miss the sky beast.
The sky beast is severely wounded.
The sky beast flickers out of sight for a moment.
The sky beast completely misses you.
You closely miss the sky beast.
The sky beast is severely wounded.
The sky beast barely misses you.
You hit the sky beast.
The sky beast is almost dead.
The sky beast hits you but does no damage.
The sky beast completely misses you.
You hit the sky beast but do no damage.
The sky beast is almost dead.
The sky beast hits you. The sky beast shocks you.
You closely miss the sky beast.
The sky beast is almost dead.
The sky beast hits you but does no damage.
You hit the sky beast but do no damage.
The sky beast is almost dead.
The sky beast hits you. The sky beast shocks you.
* * * LOW HITPOINT WARNING * * *
Aiming: Spit Poison (1% risk of failure)
Press: ? - help, Shift-Dir - straight line, f/p - sky beast
Aim: a sky beast (almost dead, 45% to hit)
The splash of poison misses the sky beast.
The sky beast hits you but does no damage.
You closely miss the sky beast.
The sky beast is almost dead.
The sky beast flickers out of sight for a moment.
The sky beast closely misses you.
You barely miss the sky beast.
The sky beast is almost dead.
The sky beast hits you.
* * * LOW HITPOINT WARNING * * *
The sky beast shocks you.
* * * LOW HITPOINT WARNING * * *
The sky beast hits you.
You die...

########.........
#....##.......### ≈
#....##.......... ≈.≈
#....##......###.
≈.≈.≈#................
.....≈...###......#...
≈...≈≈###.........#...
.≈.≈. #.##......# ..
.≈.≈ #@##......# ≈..
#Y######.## ≈. #.# .#
. #.# .
≈..........$...
...≈...........
..≈≈Y....#####.
.........# .........#


You could see a sky beast.

Vanquished Creatures
  2 adders (D:2)
  A worm (D:2)
  A dart slug (D:1)
  2 endoplasms
  2 giant cockroaches
  4 goblins
  5 hobgoblins
  4 jackals (D:2)
  A quokka (D:1)
  4 ball pythons
  5 bats
  A frilled lizard (D:2)
  7 kobolds
  4 rats
43 creatures vanquished.

Notes
Turn   | Place    | Note
-------+----------+-------------------------------------------
     0 | D:1      | zishaf the Naga Warper began the quest for the Orb.
     0 | D:1      | Reached XP level 1. HP: 19/19 MP: 3/3
    62 | D:1      | Reached skill level 1 in Armour
   417 | D:1      | Reached XP level 2. HP: 14/27 MP: 5/5
   575 | D:1      | Learned a level 2 spell: Blink
  1363 | D:2      | Reached XP level 3. HP: 28/34 MP: 6/6
  2171 | D:2      | Reached XP level 4. HP: 28/42 MP: 7/7
  2590 | D:2      | You fall into a shaft and drop 2 floors!
  2640 | D:3      | Found a shimmering blue altar of Sif Muna.
  2682 | D:3      | Learned a level 3 spell: Teleport Other
  2730 | D:3      | Noticed a sky beast
  2754 | D:3      | HP: 1/43 [sky beast (6)]
  2754 | D:3      | Slain by a sky beast

Illustrated notes

Levels and vault maps discovered:
D:1:      dpeg_arrival_leaves_temple_mockup, layout_rooms
D:2:      layout_loops_corners, hellmonk_ecumenical_altar_inner_sanctum,
          minmay_pentomino_u4
D:3:      layout_basic, mainiacjoe_overflow_surrounded_room,
          fedhas_ov_isle_minmay, nicolae_uskayaw_suspiria, lemuel_doored_altar
D:4:      minmay_clustersquares, layout_loops_ring, marbit_many_paths,
          elyvilon_altar_3

Skill      XL: |  1  2 |
---------------+-------+-----
Armour         | 1 |  1.0
Fighting       | 3 |  3.6
Long Blades    | |  2.0
Throwing       | |  0.8
Dodging        | |  1.5
Spellcasting   | |  2.0
Translocations | |  3.7

Action                   |  1- 3 |  4- 6 || total
-------------------------+-------+-------++-------
Melee: Falchion          |   104 |    42 ||   146
 Abil: Spit Poison       |    11 |     3 ||    14
  Use: Scroll            |       |     6 ||     6
Armor: Leather armour    |    31 |    19 ||    50
Dodge: Dodged            |    58 |    27 ||    85

Table legend: (Time is in decaauts)
 A = Elapsed time spent in this place.
 B = Non-inter-level travel time spent in this place.
 C = Inter-level travel time spent in this place.
 D = Time resting spent in this place.
 E = Time spent auto-exploring this place.
 F = Levels seen in this place.
 G = Mean time per level.
                   A        B        C        D        E       F      G
               +--------+--------+--------+--------+--------+-----+--------+
         Total |   3245 |   3217 |     28 |      0 |   2629 |   4 |  811.2 |
       Dungeon |   3245 |   3217 |     28 |      0 |   2629 |   4 |  811.2 |
               +--------+--------+--------+--------+--------+-----+--------+

Top non-repeatable levels by time:
     D:1: 1520 daAuts
     D:2: 1511 daAuts
     D:3: 154 daAuts
     D:4: 59 daAuts
